 Dungeon Crawl Stone Soup version 0.29.1-1-gd02db6906a (webtiles) character file.

Game seed: 2186006954011308033

589 Icepheonix32 the Trooper (level 7, -7/63 HPs)
             Began as a Minotaur Fighter on Oct 6, 2022.
             Splashed by a jelly's acid (8 damage)
             ... on level 4 of the Dungeon.
             The game lasted 00:03:52 (3371 turns).

Icepheonix32 the Trooper (Minotaur Fighter)         Turns: 3371, Time: 00:03:53

Health: -7/63      AC: -8    Str: 21    XL:     7   Next: 15%
Magic:  6/6        EV: 10    Int:  5    God:
Gold:   380        SH:  5    Dex: 11    Spells: 6/6 levels left

rFire   . . .      SeeInvis .   a - +0 war axe
rCold   . . .      Faith    .   c - +0 buckler
rNeg    . . .      Spirit   .   b - +0 scale mail
rPois   .          Reflect  .   (helmet restricted)
rElec   .          Harm     .   (no cloak)
rCorr   .          Rampage  .   (no gloves)
Will    .....                   (no boots)
Stlth   ..........              (no amulet)
HPRegen 0.20/turn               (no ring)
MPRegen 0.10/turn               (no ring)

@: corroded
A: horns 2, retaliatory headbutt
a: no special abilities


You were on level 4 of the Dungeon.
You visited 1 branch of the dungeon, and saw 4 of its levels.
You also visited: Ossuary.

You collected 380 gold pieces.

Inventory:

Hand Weapons
 a - a +0 war axe (weapon)
Missiles
 v - 6 boomerangs (quivered)
Armour
 b - a +0 scale mail (worn)
 c - a +0 buckler (worn)
 w - a +0 cloak
Magical Staves
 p - a staff of fire
 r - a staff of earth
Wands
 x - a wand of digging (4)
Scrolls
 e - 13 scrolls of identify {unknown}
 f - a scroll of acquirement {unknown}
 h - 3 scrolls of fear {unknown}
 i - 2 scrolls of teleportation {unknown}
 m - a scroll of summoning {unknown}
 o - a scroll of magic mapping {unknown}
 q - a scroll of amnesia {unknown}
 y - a scroll of vulnerability {unknown}
Potions
 d - a potion of might
 g - a potion of experience {unknown}
 j - a potion of curing {unknown}
 k - a potion of haste {unknown}
 l - a potion of ambrosia {unknown}
 n - 2 potions of cancellation {unknown}
 s - a potion of degeneration {unknown}
 t - a potion of mutation {unknown}
 u - a potion of heal wounds {unknown}
 z - a potion of magic {unknown}


   Skills:
 * Level 6.2 Fighting
 - Level 4.9(5.2) Axes
 * Level 2.4(4.0) Maces & Flails
 + Level 5.5 Armour
 + Level 1.9 Dodging
 + Level 4.7 Shields


You had 6 spell levels left.
You didn't know any spells.
Your spell library contained the following spells:

 Spells                   Type           Power      Damage    Failure   Level
 Ozocubu's Armour         Ice            0%         N/A       99%         3
 Metabolic Englaciation   Hex/Ice        0%         N/A       100%        5
 Simulacrum               Ice/Necr       0%         N/A       100%        6


Dungeon Overview and Level Annotations

Branches:
Dungeon (4/15)            Ossuary (visited)
 Temple: D:4-7

Altars:

Shops:
D:2 =   D:3 (   D:4 :


Innate Abilities, Weirdness & Mutations

You have a pair of horns on your head.
You reflexively headbutt those who attack you in melee.


Message History

The jelly is heavily wounded.
The jelly closely misses you. You furiously retaliate!
You headbutt the jelly. You block the jelly's attack.
You hit the jelly but do no damage.
Your hands burn!
The jelly is severely wounded.
The jelly hits you.
You are splashed with acid!
You are too injured to fight recklessly!
You are too injured to fight recklessly!
You are too injured to fight recklessly!
You are too injured to fight recklessly!
You are too injured to fight recklessly!
You are too injured to fight recklessly!
You are too injured to fight recklessly!
You are too injured to fight recklessly!
You are too injured to fight recklessly!
You are too injured to fight recklessly!
You are too injured to fight recklessly!
You are too injured to fight recklessly!
You are too injured to fight recklessly!
You are too injured to fight recklessly!
Okay, then.
The jelly attacks as you move away! The jelly closely misses you.
The jelly attacks as you move away! The jelly hits you.
You are splashed with acid!
The jelly attacks as you move away! The jelly closely misses you.
The jelly jiggles.
The jelly attacks as you move away! The jelly hits you.
You are splashed with acid.
* * * LOW HITPOINT WARNING * * *
Found a pair of boots.
The jelly attacks as you move away! The jelly closely misses you.
The jelly attacks as you move away! The jelly closely misses you.
The jelly attacks as you move away! The jelly hits you.
* * * LOW HITPOINT WARNING * * *
The acid corrodes you!
You are splashed with acid!
* * * LOW HITPOINT WARNING * * *
The jelly attacks as you move away! The jelly hits you.
* * * LOW HITPOINT WARNING * * *
You are splashed with acid!
You die...

#......)).....###.......#
#.....##.....###.....####
#.###........###.......#
..###.....#...#........#
..................#.#...#
#.............#..#####.##
##.............#..## .#
.......).....##...# # .
........@##.......# ..
##......J........##
..##...##.........###
....[.....#...........#
... #........###...##
#..###.........###.##
#..##........#.##...#
#..##..........#...##
#...##..##.....#..##


You could see a jelly.

Vanquished Creatures
  An ogre (D:4)
  A centaur zombie (Ossuary)
  3 human zombies (Ossuary)
  Natasha (thrice) (D:2)
  3 orc wizards (D:4)
  3 mummies
  Robin (D:2)
  4 gnolls (D:3)
  3 adders
  4 worms
  2 dart slugs
  4 orcs
  10 bats
  12 endoplasms
  A giant cockroach (D:1)
  2 gnoll zombies (Ossuary)
  13 goblins
  11 hobgoblins
  10 kobolds
  4 quokkas
  8 ball pythons
  2 frilled lizards (D:1)
  4 goblin zombies (Ossuary)
  3 hobgoblin zombies (Ossuary)
  An orc zombie (Ossuary)
  6 rats
119 creatures vanquished.

Notes
Turn   | Place    | Note
-------+----------+-------------------------------------------
     0 | D:1      | Icepheonix32 the Minotaur Fighter began the quest for the
                  | Orb.
     0 | D:1      | Reached XP level 1. HP: 19/19 MP: 0/0
   144 | D:1      | Reached XP level 2. HP: 20/27 MP: 1/1
   239 | D:1      | Reached skill level 4 in Fighting
   767 | D:1      | Reached XP level 3. HP: 33/33 MP: 2/2
  1075 | D:2      | Noticed Natasha
  1081 | D:2      | Killed Natasha
  1082 | D:2      | Reached XP level 4. HP: 36/41 MP: 3/3
  1209 | D:2      | Noticed Natasha
  1213 | D:2      | Killed Natasha
  1344 | D:2      | Noticed Natasha
  1349 | D:2      | Killed Natasha
  1350 | D:2      | Reached skill level 1 in Dodging
  1367 | D:2      | Found Lapap's Jewellery Shop.
  1374 | D:2      | Reached XP level 5. HP: 47/47 MP: 4/4
  1472 | D:2      | Noticed Robin
  1492 | D:2      | Killed Robin
  1838 | D:3      | Found Puushama's Weapon Shop.
  2178 | D:3      | Reached skill level 5 in Fighting
  2405 | D:3      | Reached skill level 1 in Maces & Flails
  2459 | D:4      | Found Erha's Vocational Training.
  2518 | D:4      | Found a sand-covered staircase.
  2522 | D:4      | Reached XP level 6. HP: 44/56 MP: 5/5
  2526 | Ossuary  | Entered an ossuary
  2738 | Ossuary  | Reached skill level 5 in Armour
  3158 | D:4      | Reached skill level 6 in Fighting
  3158 | D:4      | Reached XP level 7. HP: 39/63 MP: 6/6
  3370 | D:4      | HP: 3/63 [acid (9)]
  3371 | D:4      | HP: 1/63 [jelly (3)]
  3371 | D:4      | Splashed by a jelly's acid

Illustrated notes

Levels and vault maps discovered:
D:1:      saegor_arrival_simple_b, layout_basic, nicolae_wormholes
D:2:      layout_loops_cross, shapermc_ecumenical_altar_petra, serial_shops,
          nicolae_lakefront_shop, minmay_hexomino_p4, uniq_natasha, uniq_robin
D:3:      layout_rooms, serial_shops, nicolae_shop_bloodbath_and_beyond
D:4:      layout_cave_pools, jmf_multi_god_temple, gup_ossuary_entry_pyramid,
          nicolae_shop_vocational

Skill      XL: |  1  2  3  4  5  6 |
---------------+-------------------+-----
Fighting       | 4 5 6 |  6.2
Shields        | 4 |  4.7
Axes           | 3 4 |  4.9
Armour         | 4 5 |  5.5
Dodging        | 1 |  1.9
Maces & Flails | 1 2 |  2.4

Action                   |  1- 3 |  4- 6 |  7- 9 || total
-------------------------+-------+-------+-------++-------
Melee: War axe           |    75 |   162 |     7 ||   244
       Headbutt          |    12 |    29 |     1 ||    42
Armor: Scale mail        |    34 |    78 |     1 ||   113
Dodge: Dodged            |    40 |    86 |     6 ||   132
Block: Buckler           |    22 |    58 |     2 ||    82
